 Dungeon Crawl Stone Soup version 0.23.2-1-ga50397a (webtiles) character file.

Game seed: 473329313349000247

164 Kahibar the Chopper (level 5, -8/47 HPs)
             Began as a Hill Orc Fighter on May 13, 2019.
             Killed by divine providence
             ... invoked by an orc priest
              (13 damage)
             ... on level 3 of the Dungeon.
             The game lasted 00:37:40 (3006 turns).

Kahibar the Chopper (Hill Orc Fighter)              Turns: 3006, Time: 00:37:41

Health: -8/47      AC:  6    Str: 20    XL:     5   Next: 45%
Magic:  5/5        EV:  6    Int:  8    God:
Gold:   126        SH:  7    Dex: 10    Spells: 4/4 levels left

rFire    . . .     SeeInvis .   a - +0 war axe
rCold    + . .     Gourm    .   c - +0 shield
rNeg     . . .     Faith    .   i - +0 scale mail
rPois    .         Spirit   .   (no helmet)
rElec    .         Reflect  .   (no cloak)
rCorr    .         Harm     .   (no gloves)
MR       .....                  (no boots)
Stlth    ..........             (no amulet)
HPRegen  0.15/turn              A - ring of protection from cold
MPRegen  0.09/turn              (no ring)

@: extremely drained
A: no striking features
a: Convert to Beogh


You were on level 3 of the Dungeon.
You were not hungry.

You visited 1 branch of the dungeon, and saw 3 of its levels.

You collected 126 gold pieces.

Inventory:

Hand Weapons
 a - a +0 war axe (weapon)
 b - a +0 hunting sling
 j - a +1 short sword of holy wrath
 r - a +2 dagger of draining
 t - a +0 hand axe
 v - a +0 whip
Missiles
 h - 24 poisoned needles (quivered)
 k - 191 stones
 o - 64 arrows
Armour
 c - a +0 shield (worn)
 i - a +0 scale mail (worn)
 x - the +0 Maxwell's etheric cage {RegenMP+ *Contam rElec MP+4}
   (You took it off Robin on level 3 of the Dungeon)

   It insulates you from electricity.
   It affects your magic capacity (+4).
   It causes magical contamination when unequipped.
 y - a +0 animal skin
Jewellery
 A - a ring of protection from cold (left hand)
Scrolls
 g - a scroll of enchant weapon {unknown}
 l - 5 scrolls of teleportation
 m - 2 scrolls of identify
 n - a scroll of amnesia {unknown}
 s - a scroll of immolation {unknown}
 u - 3 scrolls of blinking
Potions
 d - a potion of might
 e - 2 potions of mutation {unknown}
 p - a potion of heal wounds {unknown}
 q - a potion of ambrosia {unknown}
Comestibles
 f - 3 rations


   Skills:
 + Level 4.4(0.0) Fighting
 + Level 4.7(0.0) Axes
 + Level 0.5(0.0) Slings
 + Level 1.2(0.0) Throwing
 + Level 4.1(0.0) Armour
 + Level 3.8(0.0) Shields


You had 4 spell levels left.
You didn't know any spells.
Your spell library contained the following spells:

 Spells                   Type           Power        Failure   Level  Hunger
 Animate Skeleton         Necr           N/A          100%        1    ##.....
 Apportation              Tloc           #.....       100%        1    ##.....
 Confusing Touch          Hex            #.....       100%        1    ##.....
 Summon Small Mammal      Summ           #...         100%        1    ##.....


Dungeon Overview and Level Annotations

Branches:
Dungeon (3/15)

Altars:


Message History

The bat hits you but does no damage.
You barely miss the orc. You slash the bat!
You kill the bat!
The orc priest invokes the aid of Beogh against you.
Beogh smites you! The orc hits you with a +0 short sword.
* * * LOW HITPOINT WARNING * * *
You are too injured to fight recklessly!
You are too injured to fight recklessly!
You are too injured to fight recklessly!
You are too injured to fight recklessly!
The orc priest casts a cantrip, but nothing happens.
The orc priest mumbles some strange prayers to Beogh against you.
Beogh smites you!
* * * LOW HITPOINT WARNING * * *
Blink to where?
Press: ? - help, Dir - move target cursor, f - you
Okay, then.
The orc priest mumbles some strange prayers to Beogh against you.
Beogh smites you!
You die...

#.# #####.###
#.......# .#.......#
.........# #.# #)#
#.###################
#†....o...o@........#
##################.##
#.# #.# #.#
#####.#+## #.#
#........# #.#
#........# #.#
#........# #.#
#........# #.#


You could see an orc priest and an orc.

Vanquished Creatures
  An orc priest (D:3)
  Ijyb (D:2)
  Robin (D:3)
  4 adders
  3 leopard geckos
  4 orcs (D:3)
  A giant cockroach (D:3)
  16 goblins
  5 hobgoblins
  3 jackals (D:2)
  A kobold (D:2)
  8 bats
  5 frilled lizards
  8 rats
  A bush (D:1)
  2 plants (D:1)
64 creatures vanquished.

Notes
Turn   | Place    | Note
-------+----------+-------------------------------------------
     0 | D:1      | Kahibar the Hill Orc Fighter began the quest for the Orb.
     0 | D:1      | Reached XP level 1. HP: 19/19 MP: 1/1
   442 | D:1      | Reached XP level 2. HP: 25/27 MP: 2/2
  1290 | D:2      | Reached XP level 3. HP: 26/33 MP: 3/3
  2039 | D:3      | Reached XP level 4. HP: 39/40 MP: 4/4
  2107 | D:3      | Reached skill level 1 in Throwing
  2413 | D:3      | Noticed Robin
  2624 | D:3      | Killed Robin
  2624 | D:3      | Reached XP level 5. HP: 43/46 MP: 5/5
  2715 | D:3      | Noticed Ijyb
  2734 | D:3      | Paralysed by Ijyb for 3 turns
  2741 | D:3      | Paralysed by Ijyb for 6 turns
  2753 | D:3      | Paralysed by Ijyb for 6 turns
  2811 | D:2      | Killed Ijyb
  3006 | D:3      | Killed from afar by an orc priest

Skill      XL: |  1  2  3  4  5 |
---------------+----------------+-----
Axes           | 3 4 |  4.7
Fighting       | 4 |  4.4
Throwing       | 1 |  1.2
Armour         | 4 |  4.1
Slings         | |  0.5
Shields        | |  3.8

Action                   |  1- 3 |  4- 6 || total
-------------------------+-------+-------++-------
Melee: War axe           |   203 |    80 ||   283
       Short sword       |       |    11 ||    11
 Fire: Hunting sling     |    17 |     7 ||    24
Throw: Stone             |     3 |     1 ||     4
  Use: Scroll            |       |     4 ||     4
  Eat: Chunk             |     4 |     2 ||     6
       Ration            |       |     1 ||     1
Armor: Scale mail        |    50 |    52 ||   102
Dodge: Dodged            |    39 |    27 ||    66
Block: Shield            |    59 |    59 ||   118
